 Dungeon Crawl Stone Soup version 0.20-a0-1089-g3fde505 (webtiles) character file.

5266 Monsterracer the Cleaver (level 10, -27/90 HPs)
             Began as a Hill Orc Fighter on May 3, 2017.
             Was a Believer of Hepliaklqana.
             Killed from afar by nubinia's ghost (52 damage)
             ... with a bolt of negative energy
             ... on level 9 of the Dungeon.
             The game lasted 00:21:13 (8989 turns).

Monsterracer the Cleaver (Hill Orc Fighter)         Turns: 8989, Time: 00:21:14

Health: -27/90     AC: 14    Str: 20    XL:     10   Next: 62%
Magic:  15/15      EV:  8    Int:  8    God:    Hepliaklqana [**....]
Gold:   436        SH:  0    Dex: 13    Spells: 9/9 levels left

rFire    + . .     SeeInvis .   a - +1 war axe
rCold    . . .     Gourm    .   (no shield)
rNeg     . . .     Faith    .   w - +0 chain mail
rPois    .         Spirit   .   o - +2 helmet
rElec    .         Reflect  .   (no cloak)
rCorr    .         Harm     .   (no gloves)
MR       .....                  (no boots)
Stlth    ..........             (no amulet)
Regen    0.3/turn               t - ring of protection from fire
MPRegen  0.2/turn               (no ring)

@: confused, lethally poisoned (-27 -> -31), drained
A: reduced essence, rugged brown scales 1, robust 1
a: Recall Ancestor, Ancestor Identity, Renounce Religion


You were on level 9 of the Dungeon.
You worshipped Hepliaklqana.
Hepliaklqana was pleased with you.
You were not hungry.

You visited 2 branches of the dungeon, and saw 10 of its levels.

You collected 436 gold pieces.

Inventory:

Hand Weapons
 a - a +1 war axe (weapon)
Armour
 b - a +0 scale mail
 c - a +0 shield
 o - a +2 helmet (worn)
 w - a +0 chain mail (worn)
Jewellery
 t - a ring of protection from fire (left hand)
Wands
 q - a wand of iceblast (14/15)
 y - a wand of iceblast (5/15)
 z - a wand of paralysis (5/24)
 B - a wand of paralysis (11/24)
 C - a wand of polymorph (11/24)
 D - a wand of iceblast (5/15)
Scrolls
 e - a scroll of teleportation
 h - 5 scrolls of remove curse
 i - 10 scrolls of identify
 j - a scroll of recharging
 m - 2 scrolls of magic mapping
 s - a scroll of immolation
Potions
 g - 2 potions of berserk rage
 n - 4 potions of curing
 u - a potion of brilliance
 v - a potion of mutation
 x - 2 potions of flight
 A - 3 potions of haste
Comestibles
 d - 12 fruits
 f - 4 bread rations
 l - 4 meat rations
 r - 9 royal jellies


   Skills:
 + Level 7.7(6.9) Fighting
 * Level 14.2(13.2) Axes
 + Level 7.0(6.1) Armour
 + Level 3.1(2.3) Dodging
 - Level 3.2(2.5) Shields
 + Level 6.9(6.0) Invocations


You had 9 spell levels left.
You didn't know any spells.

Dungeon Overview and Level Annotations

Branches:
Dungeon (9/15)             Temple (1/1) D:4
   Lair: D:8-11         Orc: D:9-12

Altars:
Ashenzari
Cheibriados
Dithmenos
Elyvilon
Fedhas
Gozag
Hepliaklqana
Makhleb
Nemelex Xobeh
Okawaru
Qazlal
Ru
Sif Muna
Trog
Uskayaw
Vehumet
Wu Jian
Xom
Yredelemnul
Zin
The Shining One

Shops:
D:4 [=%%

Annotations:
D:8 exclusion: orange crystal statue
D:9 nubinia's ghost, journeyman DrVM


Innate Abilities, Weirdness & Mutations

Your life essence is reduced. (-10% HP)
You are partially covered in rugged brown scales. (AC +1, +3% HP)
You are robust. (+10% HP)


Message History

Cipactli barely misses nubinia's ghost.
The worker ant closely misses you.
You're too confused to move!
You feel sick.
Cipactli hits nubinia's ghost but does no damage.
Nubinia's ghost says, "I'm really charged up about this fight."
Nubinia's ghost gestures at you while chanting.
The magic dart hits you! The worker ant bites you.
* * * LOW HITPOINT WARNING * * *
You are more poisoned.
The worker ant poisons you!
You feel sick.
Cipactli hits nubinia's ghost but does no damage.
You're too confused to move!
You feel sick.
Nubinia's ghost hits you but does no damage.
The worker ant bites you.
* * * LOW HITPOINT WARNING * * *
You feel sick.
The worker ant closely misses Cipactli.
Nubinia's ghost casts a spell at you. The bolt of negative energy hits you!
You feel drained.
Ouch! That really hurt!
You die...

##....### #...
....... #...
#..... # #...
....###.# #...#
#....... #...
#....#
####.#.##††..#
..........@..##
.......<.RW...##
##.###....a....#
#.........#
#.........#
#.........#
#.........#
#.##.###### #.
#.#


You could see the friendly Cipactli the hexer, a worker ant and nubinia's ghost.

Vanquished Creatures
  The ghost of Duffy the Chopper, a novice FoWn (D:6)
  Prince Ribbit (D:6)
  A hippogriff (D:8)
  Sigmund (D:6)
  5 yaks (D:9)
  Edmund (D:6)
  A water moccasin (D:6)
  2 ice beasts
  A black bear (D:4)
  3 phantoms
  5 sky beasts
  4 ogres
  2 centaurs
  A bullfrog (D:6)
  2 gnoll sergeants
  A water moccasin zombie (D:8)
  A water moccasin skeleton (D:7)
  2 scorpions
  4 killer bees (D:8)
  5 howler monkeys (D:7)
  2 crimson imps
  A jelly (D:7)
  A hound (D:8)
  An orc wizard (D:4)
  A quasit (D:5)
  An orc priest (D:4)
  An iguana (D:6)
  4 worker ants
  2 hound skeletons
  A hound zombie (D:7)
  8 gnolls
  8 adders
  2 oozes (D:4)
  2 adder zombies
  3 adder skeletons
  7 worms
  A dart slug (D:3)
  4 leopard geckos
  13 orcs
  2 ball pythons
  5 bats
  13 giant cockroaches
  11 goblins
  5 hobgoblins
  9 jackals
  7 kobolds
  3 quokkas (D:7)
  3 frilled lizards
  A quokka skeleton (D:8)
  9 rats
175 creatures vanquished.

Vanquished Creatures (collateral kills)
  A hippogriff (D:9)
  An ogre (D:7)
  A bullfrog (D:8)
  A crimson imp (D:8)
  An orc priest (D:4)
  A quasit (D:8)
  A centaur skeleton (D:6)
  A howler monkey zombie (D:7)
  An adder (D:8)
  A gnoll (D:8)
  An adder skeleton (D:8)
  A worm (D:4)
  A jackal (D:8)
13 creatures vanquished.

Vanquished Creatures (others)
  A kobold (D:3)
1 creature vanquished.

Grand Total: 189 creatures vanquished

Notes
Turn   | Place    | Note
-------+----------+-------------------------------------------
     0 | D:1      | Monsterracer the Hill Orc Fighter began the quest for the Orb.
     0 | D:1      | Reached XP level 1. HP: 19/19 MP: 1/1
    91 | D:1      | Reached skill level 3 in Axes
   111 | D:1      | Reached XP level 2. HP: 19/26 MP: 2/2
   213 | D:1      | Reached skill level 4 in Axes
   409 | D:1      | Reached XP level 3. HP: 31/31 MP: 3/3
   741 | D:2      | Reached skill level 5 in Axes
   973 | D:2      | Reached XP level 4. HP: 38/39 MP: 4/4
  1186 | D:3      | Reached skill level 6 in Axes
  1965 | D:3      | Reached XP level 5. HP: 45/45 MP: 5/5
  2218 | D:3      | Found a bloodstained altar of Trog.
  2235 | D:3      | Reached skill level 7 in Axes
  2787 | D:4      | Reached skill level 8 in Axes
  2787 | D:4      | Reached XP level 6. HP: 6/51 MP: 6/6
  2969 | D:4      | Found Casmumit's Jewellery Shoppe.
  2996 | D:4      | Found Erehekh's Armour Emporium.
  3010 | D:4      | You fall through a shaft for 2 floors!
  3034 | D:6      | Found a radiant altar of Vehumet.
  3060 | D:6      | Noticed Edmund
  3081 | D:6      | Killed Edmund
  3081 | D:6      | Reached skill level 9 in Axes
  3191 | D:6      | Noticed Sigmund
  3200 | D:6      | Killed Sigmund
  3200 | D:6      | Reached XP level 7. HP: 57/57 MP: 7/7
  3273 | D:6      | Reached skill level 10 in Axes
  3459 | D:6      | Reached skill level 11 in Axes
  3755 | D:5      | Entered Level 5 of the Dungeon
  3762 | D:5      | Found a glowing golden altar of the Shining One.
  3768 | D:5      | Found a shattered altar of Ashenzari.
  3898 | D:4      | Found Saadd's Food Boutique.
  3935 | D:4      | Found a staircase to the Ecumenical Temple.
  3949 | Temple   | Entered the Ecumenical Temple
  4050 | Temple   | Became a worshipper of Hepliaklqana the Forgotten
  4231 | D:4      | Reached XP level 8. HP: 40/59 MP: 8/8
  4283 | D:4      | Found a deep blue altar of Sif Muna.
  4324 | D:4      | Reached skill level 1 in Invocations
  4490 | D:4      | Found Peabb's Food Shoppe.
  4593 | D:4      | Reached skill level 1 in Dodging
  5161 | D:5      | Gained mutation: You are partially covered in rugged brown scales. (AC +1, +3% HP) [potion of mutation]
  5161 | D:5      | Gained mutation: You are robust. (+10% HP) [potion of mutation]
  5256 | D:5      | Reached * piety under Hepliaklqana
  5375 | D:5      | Found a stormy altar of Qazlal.
  5717 | D:6      | You fall through a shaft!
  5820 | D:7      | Reached skill level 12 in Axes
  5827 | D:7      | Reached skill level 5 in Fighting
  5842 | D:7      | Reached XP level 9. HP: 51/76 MP: 11/11
  5849 | D:7      | Reached skill level 5 in Armour
  6196 | D:6      | Noticed Prince Ribbit
  6209 | D:6      | Killed Prince Ribbit
  6384 | D:6      | Noticed Duffy's ghost (novice FoWn)
  6396 | D:6      | Killed Duffy's ghost
  6607 | D:6      | Reached skill level 5 in Invocations
  6768 | D:6      | Reached skill level 13 in Axes
  7226 | D:7      | Reached ** piety under Hepliaklqana
  7227 | D:7      | Remembered your ancestor Cipactli as a hexer
  7620 | D:8      | Reached XP level 10. HP: 72/86 MP: 14/14
  7664 | D:8      | Noticed an orange crystal statue
  7679 | D:8      | Found a glowing silver altar of Zin.
  7681 | D:8      | Found a hide-covered altar of Uskayaw.
  8958 | D:9      | Reached skill level 14 in Axes
  8965 | D:9      | Noticed nubinia's ghost (journeyman DrVM)
  8981 | D:9      | HP: 3/90 [worker ant (6)]
  8989 | D:9      | Killed from afar by nubinia's ghost

Vault maps used:
D:1:      minmay_arrival_doors
D:2:      first_bread
D:3:      trog_book
D:4:      black_bear_nest_1, nicolae_overflow_crystal_walls,
          minmay_temple_entry_glassed_door, cheibrodos_sewer_entry_drain,
          serial_shops, shop, nicolae_shop_waterfront, nicolae_shop_crystal,
          shop, abandoned_shop, minmay_misc_feat_alley
D:5:      kennysheep_big_flooded_room, grunt_temple_overflow_open,
          nicolae_qazlal_general_emergency
D:6:      old_standard_altar, serial_co_window_serial, co_window_paths_b,
          co_window_of_opportunity_a, co_window_of_opportunity_a,
          co_window_corner_a, co_window_corner_a, co_window_unsneaky_path_a,
          co_window_cross_3, co_window_paths_c, co_window_2corner,
          co_window_paths_e, glass_columns_c, sigmund_edmund_badplayer,
          uniq_prince_ribbit1
D:8:      minmay_separated_statues, chequers_temple_overflow_statue_of_worship
D:9:      lemuel_round_altar, david_lair_generic
Temple:   jpeg_temple_clearing

Skill      XL: |  1  2  3  4  5  6  7  8  9 10 |
---------------+-------------------------------+-----
Axes           | 3 4 5 6 8 9 11 12 13 14 | 14.2
Invocations    | 3 5 6 |  6.9
Fighting       | 5 6 7 |  7.7
Armour         | 4 6 7 |  7.0
Dodging        | 1 3 |  3.1
Shields        | |  3.2

Action                   |  1- 3 |  4- 6 |  7- 9 | 10-12 || total
-------------------------+-------+-------+-------+-------++-------
Melee: War axe           |   113 |   189 |   306 |   160 ||   768
Invok: Recall Ancestor   |       |       |     1 |       ||     1
       Ancestor Life: He |       |       |     1 |       ||     1
  Use: Potion            |     4 |     4 |     5 |     2 ||    15
       Scroll            |       |     6 |     5 |     2 ||    13
 Stab: Distracted        |       |       |     1 |     1 ||     2
       Confused          |       |       |       |     1 ||     1
  Eat: Chunk             |       |     7 |    11 |     3 ||    21
       Fruit             |       |       |     4 |       ||     4
       Meat ration       |       |       |       |     1 ||     1
Armor: Scale mail        |    50 |    81 |    97 |       ||   228
       Chain mail        |       |       |       |   101 ||   101
Dodge: Dodged            |    42 |    42 |    72 |    70 ||   226
Block: Shield            |    62 |    82 |   110 |       ||   254
